 Dungeon Crawl Stone Soup version 0.31-a0-986-g5e6e4ef867 (webtiles) character file.

Game seed: 6466020566516477386

179 Dittersdorf the Trooper (level 5, 0/42 HPs)
             Began as a Human Fighter on Nov 7, 2023.
             Slain by an iguana (2 damage)
             ... on level 4 of the Dungeon.
             The game lasted 00:03:33 (2892 turns).

Dittersdorf the Trooper (Human Fighter)             Turns: 2892, Time: 00:03:33

Health: 0/42       AC: 10    Str: 18    XL:     5   Next: 90%
Magic:  5/5        EV:  7    Int: 15    God:
Gold:   212        SH:  5    Dex: 12    Spells: 4/4 levels left

rFire   . . .        a - +0 long sword (venom)
rCold   . . .        c - +0 buckler
rNeg    . . .        q - +0 chain mail
rPois   .            (no helmet)
rElec   .            (no cloak)
rCorr   .            r - +0 pair of gloves
SInv    .            (no boots)
Will    .....        (no amulet) Stlth
                     n - +6 ring of intelligence
HPRegen 0.27/turn    g - ring of wizardry
MPRegen 0.09/turn

%: wizardry (x1)
@: no status effects
A: no striking features
a: no special abilities


You were on level 4 of the Dungeon.
You visited 1 branch of the dungeon, and saw 4 of its levels.

You collected 212 gold pieces.

Inventory:

Hand Weapons
 a - a +0 long sword of venom (weapon)
Armour
 c - a +0 buckler (worn)
 q - a +0 chain mail (worn)
 r - a +0 pair of gloves (worn)
Jewellery
 g - a ring of wizardry (right hand)
 n - a +6 ring of intelligence (left hand)
Wands
 b - a wand of acid (7) (quivered)
 f - a wand of paralysis (2)
Scrolls
 e - a scroll of fog {unknown}
Potions
 d - a potion of might
 h - a potion of brilliance {unknown}
 j - 4 potions of mutation {unknown}
 m - 2 potions of degeneration {unknown}
 p - a potion of heal wounds


   Skills:
 + Level 4.0 Fighting
 + Level 3.2 Long Blades
 + Level 3.9 Armour
 + Level 4.0 Shields


You had 4 spell levels left.
You didn't know any spells.
Your spell library contained the following spells:

 Spells                   Type           Power      Damage    Failure   Level
 Magic Dart               Conj           0%         1d3       73%         1
 Slow                     Hex            0%         N/A       73%         1
 Call Imp                 Summ           0%         N/A       86%         2
 Sublimation of Blood     Necr           0%         N/A       86%         2
 Confusing Touch          Hex            0%         N/A       97%         3
 Mephitic Cloud           Conj/Pois/Air  0%         N/A       97%         3
 Sigil of Binding         Hex            0%         N/A       97%         3
 Vampiric Draining        Necr           0%         2d6       97%         3
 Petrify                  Tmut/Erth      0%         N/A       100%        4
 Irradiate                Conj/Tmut      0%         3d11      100%        5


Dungeon Overview and Level Annotations

Branches:
Dungeon (4/15)
 Temple: D:4-7

Altars:

Shops:
D:1 [

Portals:
Ossuary: D:4


Message History

The goblin hits you with a +0 club. The adder bites you but does no damage.
You barely miss the adder. You block the goblin's attack.
The adder barely misses you.
You hit the goblin.
You kill the goblin!
The hobgoblin no longer looks unusually strong.
You block the adder's attack. The adder bites you but does no damage.
The adder bites you but does no damage.
Items here: $ ))))) †††††.
You closely miss the adder.
The goblin no longer looks unusually strong.
The adder bites you but does no damage.
You hit the adder.
The adder is poisoned.
The adder is moderately wounded.
The adder bites you but does no damage.
The iguana hisses menacingly.
You block the adder's attack.
You hit the adder but do no damage.
The adder looks even sicker.
The adder is moderately wounded.
The adder barely misses you.
You hit the adder.
The adder looks as sick as possible!
The adder is almost dead.
You kill the adder!
Your Fighting skill increases to level 4!
Your Shields skill increases to level 4!
You slash the hobgoblin!
You kill the hobgoblin!
You closely miss the goblin. The goblin hits you with a +0 dagger.
You hit the goblin but do no damage.
The goblin is poisoned.
You barely miss the iguana. The iguana bites you!
* * * LOW HITPOINT WARNING * * *
You hit the iguana.
The iguana is poisoned.
The iguana is moderately wounded.
The iguana bites you!
* * * LOW HITPOINT WARNING * * *
You barely miss the iguana.
The iguana is heavily wounded.
You kill the goblin!
The iguana bites you.
You die...

## .## # ..# .# ..# .# .. ..
#.##.##.# ... .# ...8..#
#.#.....# ..#.##.# ......#
#)>.#.### #.#.... .8.∩.8#
..#....##. #.##.. ......#
.###.#....# #.##.# ...8..#
###........##.##@# ....### #
#..### #....##l#######.gg....
###..# #####...#g##...S.g...#
##..####............S.g####...#
.........###.###...##### g
#...###### #.#.....# ...###
#.#..##... .....# #.... ####$.
.....# ..... #


You could see an iguana (very poisoned) and a hobgoblin.

Vanquished Creatures
  A sleepcap (D:3)
  Ijyb (D:4)
  Robin (D:4)
  5 adders
  A worm (D:2)
  A dart slug (D:3)
  An orc (D:3)
  5 endoplasms
  3 giant cockroaches
  11 goblins
  11 hobgoblins
  2 jackals (D:3)
  A quokka (D:3)
  5 ball pythons
  4 bats
  6 frilled lizards
  6 kobolds
  3 rats
68 creatures vanquished.

Notes
Turn   | Place    | Note
-------+----------+-------------------------------------------
     0 | D:1      | Dittersdorf the Human Fighter began the quest for the Orb.
     0 | D:1      | Reached XP level 1. HP: 18/18 MP: 1/1
    49 | D:1      | Reached XP level 2. HP: 24/24 MP: 2/2
   296 | D:1      | Found Zaxafrogg's Armour Shoppe.
   827 | D:2      | Identified the +0 leather armour of Gozag's Condemnation
                  | {rElec Int+4 Dex-2 SInv}
   887 | D:2      | Reached XP level 3. HP: 9/29 MP: 3/3
  1490 | D:2      | Reached XP level 4. HP: 35/35 MP: 4/4
  1646 | D:2      | Found a faded altar of an unknown god.
  2459 | D:3      | Reached XP level 5. HP: 42/42 MP: 5/5
  2784 | D:4      | Noticed Ijyb
  2788 | D:4      | Paralysed by Ijyb for 4 turns
  2796 | D:4      | Killed Ijyb
  2838 | D:4      | Noticed Robin
  2839 | D:4      | Found a sand-covered staircase.
  2879 | D:4      | Killed Robin
  2891 | D:4      | HP: 1/42 [iguana (11)]
  2892 | D:4      | Slain by an iguana

Illustrated notes

Levels and vault maps discovered:
D:1:      erik_arrival_triangle_small, layout_basic, serial_shops,
          nicolae_shop_scrapyard
D:2:      layout_basic, chequers_ecumenical_altar_twisty
D:3:      layout_basic
D:4:      layout_rooms, nicolae_ossuary_entry_monument, uniq_ijyb, uniq_robin

Skill      XL: |  1  2  3  4  5 |
---------------+----------------+-----
Long Blades    | 3 |  3.2
Fighting       | 4 |  4.0
Shields        | 4 |  4.0
Armour         | |  3.9

Action                     |  1- 3 |  4- 6 || total
---------------------------+-------+-------++-------
  Melee: Long sword        |    95 |   149 ||   244
    Use: Scroll            |       |     7 ||     7
 Armour: Scale mail        |    84 |    13 ||    97
         Chain mail        |       |   129 ||   129
  Dodge: Dodged            |    42 |    46 ||    88
  Block: Buckler           |    26 |    33 ||    59

Table legend: (Time is in decaauts)
 A = Elapsed time spent in this place.
 B = Non-inter-level travel time spent in this place.
 C = Inter-level travel time spent in this place.
 D = Time resting spent in this place.
 E = Time spent auto-exploring this place.
 F = Levels seen in this place.
 G = Mean time per level.
                   A        B        C        D        E       F      G
               +--------+--------+--------+--------+--------+-----+--------+
         Total |   2964 |   2873 |     91 |    110 |   2090 |   4 |  741.0 |
       Dungeon |   2964 |   2873 |     91 |    110 |   2090 |   4 |  741.0 |
               +--------+--------+--------+--------+--------+-----+--------+

Top non-repeatable levels by time:
     D:3: 972 daAuts
     D:2: 960 daAuts
     D:1: 833 daAuts
     D:4: 197 daAuts
